 Dungeon Crawl Stone Soup version 0.30-a0-800-g7c544603b3 (webtiles) character file.

Game seed: 4919886021241835444

110 holysushi the Cutter (level 4, 0/35 HPs)
             Began as a Demonspawn Monk on Feb 22, 2023.
             Blown up by Ijyb (17 damage)
             ... with a mindburst bolt
             ... on level 3 of the Dungeon.
             The game lasted 00:03:18 (1919 turns).

holysushi the Cutter (Demonspawn Monk)              Turns: 1919, Time: 00:03:19

Health: 0/35       AC:  7    Str: 12    XL:     4   Next: 61%
Magic:  4/4        EV: 13    Int: 17    God:
Gold:   84         SH:  0    Dex: 17    Spells: 3/3 levels left

rFire   . . .      SeeInvis .    a - +1 short sword
rCold   . . .      Faith    .    (no shield)
rNeg    . . .      Spirit   .    b - +0 robe
rPois   .          Reflect  .    q - +1 helmet
rElec   .          Harm     .    d - +0 cloak
rCorr   .          Rampage  .    (no gloves)
Will    .....                    (no boots)
Stlth   ++                       (no amulet)
HPRegen 0.25/turn                j - +6 ring of intelligence
MPRegen 0.09/turn                (no ring)

@: no status effects
A: thin metallic scales 1
a: no special abilities


You were on level 3 of the Dungeon.
You visited 1 branch of the dungeon, and saw 3 of its levels.

You collected 84 gold pieces.

Inventory:

Hand Weapons
 a - a +1 short sword (weapon)
Armour
 b - a +0 robe (worn)
 d - a +0 cloak (worn)
 q - a +1 helmet (worn)
Jewellery
 j - a +6 ring of intelligence (left hand)
Scrolls
 e - 2 scrolls of immolation
 o - a scroll of identify
Potions
 c - a potion of ambrosia
 g - a potion of flight
 h - 2 potions of berserk rage
 m - a potion of attraction {unknown}


   Skills:
 - Level 3.0 Fighting
 + Level 5.0 Short Blades
 - Level 2.6 Dodging
 - Level 1.7 Stealth


You had 3 spell levels left.
You didn't know any spells.
Your spell library contained the following spells:

 Spells                   Type           Power      Damage    Failure   Level
 Portal Projectile        Hex/Tloc       0%         N/A       56%         3
 Tukima's Dance           Hex            0%         N/A       56%         3
 Blade Hands              Tmut           0%         N/A       100%        5


Dungeon Overview and Level Annotations

Branches:
Dungeon (3/15) Zot: 16145

Altars:

Annotations:
D:3 Ijyb


Innate Abilities, Weirdness & Mutations

You are partially covered in thin metallic scales. (AC +2)


Message History

You hit Ijyb.
Ijyb is lightly wounded.
Ijyb hits you with a +0 club.
You barely miss Ijyb.
Ijyb is lightly wounded.
You hit Ijyb but do no damage.
Ijyb is lightly wounded.
Ijyb misses you.
You hit Ijyb but do no damage.
Ijyb is lightly wounded.
Ijyb hits you but does no damage.
You closely miss Ijyb.
Ijyb is lightly wounded.
Ijyb hits you with a +0 club.
You barely miss Ijyb. You punch Ijyb, but do no damage.
Ijyb is lightly wounded.
Ijyb closely misses you.
You hit Ijyb but do no damage.
Ijyb is lightly wounded.
You hit Ijyb.
Ijyb is moderately wounded.
You hear the slow rusting of a drain very nearby.
Ijyb screams, "I no like you!" Ijyb hits you with a +0 club.
Press: ? - help, v - describe, . - travel
Here: Ijyb, wielding a +0 club, wearing a +0 leather armour and carrying a wand of mindburst (12) (moderately wounded)
The floor.
Unknown command.
You miss Ijyb. You punch Ijyb, but do no damage.
Ijyb is moderately wounded.
Ijyb hits you with a +0 club.
You hit Ijyb.
Ijyb is moderately wounded.
Ijyb zaps a wand.
Your mind is blasted!
You hit Ijyb but do no damage.
Ijyb is moderately wounded.
You hit Ijyb.
Ijyb is heavily wounded.
Ijyb zaps a wand.
Your mind is blasted!
You die...

# # #.# # #.# ###### #.#
.....# #.# ####.# ###.##
#.# #..). #.# #.#g# #.#
#.#@####.. #.#
#.?..(..).#
####.#########..########
...............##
####.#########.# #.# #.#
#.# .## #.. # ###


You could see Ijyb.

Vanquished Creatures
  5 adders (D:2)
  A worm (D:2)
  2 dart slugs
  7 ball pythons
  A bat (D:1)
  4 endoplasms (D:1)
  A giant cockroach (D:2)
  8 goblins
  6 hobgoblins
  3 jackals (D:2)
  7 quokkas
  2 frilled lizards (D:2)
  2 kobolds (D:1)
  6 rats
55 creatures vanquished.

Notes
Turn   | Place    | Note
-------+----------+-------------------------------------------
     0 | D:1      | holysushi the Demonspawn Monk began the quest for the Orb.
     0 | D:1      | Reached XP level 1. HP: 18/18 MP: 1/1
    94 | D:1      | Found Watuan's Weapon Emporium.
   108 | D:1      | Reached skill level 3 in Short Blades
   177 | D:1      | Gained mutation: You are partially covered in thin metallic
                  | scales. (AC +2) [demonic ancestry]
   177 | D:1      | Reached XP level 2. HP: 15/24 MP: 2/2
   452 | D:1      | Reached XP level 3. HP: 29/29 MP: 3/3
   664 | D:2      | Identified the +6 short sword "Jellybane" {holy, rPois
                  | Will+ Dex+6}
   721 | D:2      | Reached skill level 4 in Short Blades
  1132 | D:2      | Reached XP level 4. HP: 33/35 MP: 4/4
  1873 | D:3      | Reached skill level 5 in Short Blades
  1906 | D:3      | Noticed Ijyb
  1919 | D:3      | Blown up by Ijyb

Illustrated notes

Levels and vault maps discovered:
D:1:      tarquinn_simple_flora_water_c, layout_rooms, serial_shops,
          nicolae_shop_bloodbath_and_beyond
D:2:      layout_basic, nicolae_half_adder
D:3:      layout_loops_ring, trog_butcher_becter, gup_sewer_entry_spiral,
          serial_shops, shop, uniq_jessica, uniq_robin, uniq_natasha, uniq_ijyb

Skill      XL: |  1  2  3  4 |
---------------+-------------+-----
Short Blades   | 3 4 5 |  5.0
Fighting       | |  3.0
Dodging        | |  2.6
Stealth        | |  1.7

Action                     |  1- 3 |  4- 6 || total
---------------------------+-------+-------++-------
  Melee: Short sword       |   235 |    93 ||   328
         Punch             |     3 |     3 ||     6
    Use: Scroll            |     2 |     6 ||     8
         Potion            |     1 |       ||     1
   Stab: Sleeping          |     2 |     2 ||     4
 Armour: Robe              |    69 |    28 ||    97
  Dodge: Dodged            |   129 |    59 ||   188

Table legend: (Time is in decaauts)
 A = Elapsed time spent in this place.
 B = Non-inter-level travel time spent in this place.
 C = Inter-level travel time spent in this place.
 D = Time resting spent in this place.
 E = Time spent auto-exploring this place.
 F = Levels seen in this place.
 G = Mean time per level.
                   A        B        C        D        E       F      G
               +--------+--------+--------+--------+--------+-----+--------+
         Total |   1853 |   1768 |     85 |     78 |   1019 |   3 |  617.7 |
       Dungeon |   1853 |   1768 |     85 |     78 |   1019 |   3 |  617.7 |
               +--------+--------+--------+--------+--------+-----+--------+

Top non-repeatable levels by time:
     D:2: 1137 daAuts
     D:1: 633 daAuts
     D:3: 82 daAuts
